 Dungeon Crawl Stone Soup version 0.28-a0-909-g796cbd3a86 (webtiles) character file.

Game seed: 17546130974576896619

625 timneilson the Covered (level 7, -3/66 HPs)
             Began as a Gargoyle Fighter on Nov 25, 2021.
             Slain by a gnoll sergeant (6 damage)
             ... on level 4 of the Dungeon.
             The game lasted 00:08:49 (4072 turns).

timneilson the Covered (Gargoyle Fighter)           Turns: 4072, Time: 00:08:50

Health: -3/66      AC: 23    Str: 22    XL:     7   Next: 47%
Magic:  7/7        EV:  2    Int:  8    God:
Gold:   170        SH:  4    Dex:  9    Spells: 6/6 levels left

rFire   . . .      SeeInvis .   a - +0 long sword
rCold   . . .      Faith    .   c - +0 buckler
rNeg    + . .      Spirit   .   (armour currently unavailable)
rPois   ∞          Reflect  .   (helmet currently unavailable)
rElec   .          Harm     .   (cloak currently unavailable)
rCorr   .          Rampage  .   (gloves currently unavailable)
Will    .....      NoTele   +   (boots currently unavailable)
Stlth   +.........              (no amulet)
HPRegen 0.21/turn               (no ring)
MPRegen 0.10/turn               (no ring)

@: tree-form (expiring), hasted, very quick
A: stationary, stasis, torment immunity, boosted hp, sickness immunity, AC +4,
negative energy resistance 1, (electricity resistance), torment resistance 1,
petrification resistance
a: no special abilities


You were on level 4 of the Dungeon.
You were a tree.
You visited 2 branches of the dungeon, and saw 6 of its levels.

You collected 170 gold pieces.

Inventory:

Hand Weapons
 a - a +0 long sword (weapon)
Armour
 c - a +0 buckler (worn)
 j - a +0 chain mail (melded)
Scrolls
 b - a scroll of teleportation
 e - a scroll of magic mapping
Potions
 d - a potion of might
 f - 3 potions of curing
 g - 2 potions of flight


   Skills:
 + Level 4.3 Fighting
 * Level 3.9 Long Blades
 * Level 5.4 Armour
 + Level 2.0 Dodging
 * Level 5.3 Shields


You had 6 spell levels left.
You didn't know any spells.
Your spell library contained the following spells:

 Spells                   Type           Power      Damage    Failure   Level
 Ensorcelled Hibernation  Hex/Ice        0%         N/A       54%         2
 Spider Form              Tmut/Pois      0%         N/A       78%         3


Dungeon Overview and Level Annotations

Branches:
Dungeon (5/15)             Temple (1/1) D:4

Altars:
Ashenzari
Cheibriados
Dithmenos
Elyvilon
Fedhas
Gozag
Hepliaklqana
Kikubaaqudgha
Makhleb
Nemelex Xobeh
Qazlal
Ru
Sif Muna
Trog
Uskayaw
Vehumet
Wu Jian
Xom
Yredelemnul
Zin
The Shining One

Shops:
D:4 ![*

Annotations:
D:5 3 runed translucent doors, AlleluiaPinecone's ghost, novice HOFi; McGhostyFace's ghost, novice GnEE; demibob's ghost, novice DsGl; quoriil's ghost, amateur DrTm


Innate Abilities, Weirdness & Mutations

You are a tree.
Your roots penetrate the ground, keeping you stationary.
You cannot be teleported.
You are immune to unholy pain and torment.
Your maximum health is greatly increased.
Your equipment is partially melded.
You are immune to sickness and miasma.
((Your stone body is resilient. (AC +4)))
You are immune to poison.
You resist negative energy. (rN+)
((You are resistant to electric shocks. (rElec)))
You are resistant to unholy torment.
You are immune to petrification.


Message History

The gnoll sergeant hits you but does no damage.
The gnoll hits you with a +0 club.
* * * LOW HITPOINT WARNING * * *
You barely miss the gnoll sergeant.
The gnoll sergeant is moderately wounded.
The gnoll sergeant hits you but does no damage.
The gnoll hits you but does no damage.
You closely miss the gnoll sergeant.
The gnoll sergeant is moderately wounded.
The gnoll sergeant hits you but does no damage.
The gnoll sergeant blocks your attack.
The gnoll sergeant is moderately wounded.
The gnoll hits you but does no damage.
You barely miss the gnoll sergeant.
The gnoll sergeant is moderately wounded.
The gnoll sergeant hits you but does no damage.
The gnoll hits you but does no damage.
You hit the gnoll sergeant but do no damage.
The gnoll sergeant is moderately wounded.
The gnoll sergeant hits you but does no damage.
The gnoll hits you but does no damage.
You barely miss the gnoll sergeant.
The gnoll sergeant is moderately wounded.
Your transformation is almost over.
The gnoll sergeant hits you but does no damage.
The gnoll hits you but does no damage.
You hit the gnoll sergeant.
The gnoll sergeant is heavily wounded.
You block the gnoll sergeant's attack.
You hit the gnoll sergeant.
The gnoll sergeant is heavily wounded.
You block the gnoll's attack. The gnoll sergeant blocks your attack.
The gnoll sergeant is heavily wounded.
The gnoll sergeant hits you but does no damage.
The gnoll hits you but does no damage.
You barely miss the gnoll sergeant.
The gnoll sergeant is heavily wounded.
The gnoll sergeant hits you with a +0 trident of protection.
You die...

#.#.#.#.#.#.#.#.#.#'#.#.#.#####
##.#.#.#.#.#.#.#.....#.#......#
#.#.#.#.#.#.#.#.#....+#.#.....#
##.#.#.#.#.#.#.#.....#<#'.....#
#.#.#.#.#.#.#.#.#.#.#.#.#...[.#
##.#.#.#.#.#.#.#.#.#.#.#......#
#.#.#.#.#.#.#.#.#.#.#.#.#.#####
##.#.#.#.#.#.#.#.#.#.#.#.######
#.#.#.#.#.#.#)♣g#.#[#.#.#......
##.#.#.#.#.#...g.#.#.#.#.#.####
#.#.#.#.#.#.#.>.#.#.#.#.#[.....
##.#.#.#.#.#.....#.#.#.#.#.....
#.#.#.#.#.#.#.#.#.#.#.#.#......
##.#.#.#.#.#.#.#.#.#.#.#.#.....
#.#.#.#.#.#.#.#.#.#.#.#.#......
##.#.#.#.#.#.#.#.#.#.#.#.#.....
#.#.#.#.#.#.#.#.#.#.#.#.#.##..#


You could see a gnoll sergeant and a gnoll.

Vanquished Creatures
  A sky beast (D:5)
  A phantom (D:4)
  2 scorpions (D:4)
  A centaur skeleton (D:4)
  A jelly (D:4)
  A bullfrog skeleton (D:4)
  2 iguanas
  2 orc wizards
  A hound skeleton (D:4)
  4 gnolls (D:4)
  4 adders
  A worm (D:2)
  2 dart slugs
  7 orcs
  An endoplasm (D:3)
  2 giant cockroaches (D:1)
  10 goblins
  7 hobgoblins
  2 quokkas
  6 ball pythons
  3 bats
  A frilled lizard (D:1)
  4 kobolds (D:1)
  9 rats
75 creatures vanquished.

Notes
Turn   | Place    | Note
-------+----------+-------------------------------------------
     0 | D:1      | timneilson the Gargoyle Fighter began the quest for the
                  | Orb.
     0 | D:1      | Reached XP level 1. HP: 14/14 MP: 1/1
   145 | D:1      | Reached XP level 2. HP: 19/19 MP: 2/2
   491 | D:1      | Found a faded altar of an unknown god.
   791 | D:2      | Reached XP level 3. HP: 21/23 MP: 3/3
  1491 | D:3      | Reached XP level 4. HP: 28/28 MP: 4/4
  1972 | D:2      | Reached skill level 1 in Dodging
  1979 | D:3      | Reached XP level 5. HP: 30/33 MP: 5/5
  2529 | D:4      | Reached XP level 6. HP: 38/38 MP: 6/6
  2568 | D:4      | Found a staircase to the Ecumenical Temple.
  2576 | Temple   | Entered the Ecumenical Temple
  2843 | D:4      | Found Vielyi's Distillery.
  3133 | D:4      | Reached skill level 5 in Armour
  3229 | D:4      | Found Xiavorch's General Store.
  3264 | D:4      | Reached skill level 5 in Shields
  3264 | D:4      | Reached XP level 7. HP: 24/43 MP: 7/7
  3874 | D:4      | Found Nigech's Armour Emporium.
  3897 | D:5      | Entered Level 5 of the Dungeon
  3898 | D:5      | Found a runed translucent gate.
  3898 | D:5      | Found a runed translucent gate.
  3898 | D:5      | Found a runed translucent gate.
  3904 | D:5      | Noticed quoriil's ghost (amateur DrTm)
  3904 | D:5      | Noticed AlleluiaPinecone's ghost (novice HOFi)
  3905 | D:5      | Noticed McGhostyFace's ghost (novice GnEE)
  3905 | D:5      | Noticed demibob's ghost (novice DsGl)
  4062 | D:4      | HP: 2/66 [gnoll (4)]
  4072 | D:4      | Slain by a gnoll sergeant

Illustrated notes

Levels and vault maps discovered:
D:1:      saegor_arrival_under_anarchy, layout_loops_ring,
          basic_ecumenical_altar
D:2:      layout_loops_ring, minivault_26, grunt_decor_cap
D:3:      layout_loops_ring, minmay_statues_item
D:4:      layout_basic, minmay_temple_entry_butterflies, serial_shops, shop,
          nicolae_shop_hallway_stairs, kennysheep_little_box
D:5:      layout_cave_pools, gammafunk_ghost_cemetery, uniq_duvessa,
          uniq_crazy_yiuf_cottage, uniq_prince_ribbit1
Temple:   nicolae_temple_the_god_donut

Skill      XL: |  1  2  3  4  5  6  7 |
---------------+----------------------+-----
Long Blades    | 2 3 |  3.9
Armour         | 4 5 |  5.4
Dodging        | 1 2 |  2.0
Shields        | 4 5 |  5.3
Fighting       | 4 |  4.3

Action                   |  1- 3 |  4- 6 |  7- 9 || total
-------------------------+-------+-------+-------++-------
Melee: Long sword        |    92 |   133 |   100 ||   325
  Use: Scroll            |     5 |     1 |     1 ||     7
       Potion            |       |       |     2 ||     2
Armor: Scale mail        |    40 |       |       ||    40
       Chain mail        |     5 |    74 |    60 ||   139
       Skin              |       |       |    27 ||    27
Dodge: Dodged            |    38 |    50 |    42 ||   130
Block: Buckler           |    20 |    25 |    14 ||    59

Table legend: (Time is in decaauts)
 A = Elapsed time spent in this place.
 B = Non-inter-level travel time spent in this place.
 C = Inter-level travel time spent in this place.
 D = Time resting spent in this place.
 E = Time spent auto-exploring this place.
 F = Levels seen in this place.
 G = Mean time per level.
                   A        B        C        D        E       F      G
               +--------+--------+--------+--------+--------+-----+--------+
         Total |   4148 |   4049 |     99 |    189 |   3012 |   6 |  691.3 |
       Dungeon |   3893 |   3810 |     83 |    189 |   2790 |   5 |  778.6 |
        Temple |    254 |    238 |     16 |      0 |    222 |   1 |  254.0 |
               +--------+--------+--------+--------+--------+-----+--------+

Top non-repeatable levels by time:
     D:4: 1296 daAuts
     D:2: 926 daAuts
     D:1: 795 daAuts
     D:3: 775 daAuts
  Temple: 254 daAuts
     D:5: 99 daAuts
